 Dungeon Crawl Stone Soup version 0.31.0-32-g396128a36d (webtiles) character file.

Game seed: 3609710757868846046

11099 safid the Brawler (level 11, -9/94 HPs)
             Began as a Yellow Draconian Shapeshifter on Apr 1, 2024.
             Was an Initiate of Gozag.
             Mangled by a water elemental (14 damage)
             ... on level 11 of the Dungeon.
             The game lasted 00:17:04 (10831 turns).

safid the Brawler (Yellow Draconian Shapeshifter)  Turns: 10831, Time: 00:17:05

Health: -9/94      AC: 11    Str: 20    XL:     11   Next: 44%
Magic:  11/11      EV: 17    Int: 10    God:    Gozag
Gold:   1647       SH:  0    Dex: 12    Spells: 10/10 levels left

rFire   . .          .
                       - Unarmed
rCold   . . .        (no shield)
rNeg    . . .        (body armour unavailable)
rPois   .            (helmet currently unavailable)
rElec   .            (cloak currently unavailable)
rCorr   +            (gloves currently unavailable)
SInv    .            (boots currently unavailable)
Will    .....        o - amulet of magic regeneration
Stlth   +            m - +5 ring of evasion
HPRegen 0.35/turn    C - +4 ring of protection
MPRegen 0.52/turn

%: no passive effects
@: beast-form, engulfed (cannot breathe), very slow
A: beast (slay +4), spit acid, AC +7, unfitting armour, cold-blooded, acid
resistance
a: Breathe Acid, Begin Untransformation, Renounce Religion, Potion Petition,
Call Merchant, Bribe Branch


You were on level 11 of the Dungeon.
You worshipped Gozag.
Gozag was most pleased with you.
You were a hulking beast.
You visited 2 branches of the dungeon, and saw 12 of its levels.
You also visited: Bailey.

You collected 1771 gold pieces.
You paid 124 gold pieces to Gozag.

Inventory:

Missiles
 s - 3 curare-tipped darts (quivered)
Jewellery
 d - a ring of fire
 e - a ring of flight
 m - a +5 ring of evasion (left hand)
 o - an amulet of magic regeneration (around neck)
 C - a +4 ring of protection (right hand)
 H - a +6 ring of strength
Talismans
 b - a beast talisman
 c - a flux talisman
Wands
 n - a wand of mindburst (16)
 A - a wand of acid (13)
 B - a wand of iceblast (8)
Scrolls
 h - a scroll of poison {unknown}
 i - 8 scrolls of teleportation
 j - 2 scrolls of noise {unknown}
 r - a scroll of amnesia {unknown}
 u - 2 scrolls of butterflies {unknown}
 y - 2 scrolls of revelation {unknown}
 D - a scroll of identify
 E - a scroll of silence {unknown}
 F - a scroll of fear {unknown}
Potions
 a - a potion of lignification
 g - 2 potions of degeneration {unknown}
 k - 4 potions of cancellation
 l - 4 potions of brilliance
 p - 3 potions of curing {unknown}
 q - 5 potions of mutation
 t - 3 potions of haste
 v - 2 potions of magic {unknown}
 w - a potion of invisibility {unknown}
 x - 3 potions of might
 z - 2 potions of enlightenment {unknown}
 G - a potion of berserk rage {unknown}


   Skills:
 * Level 7.8 Fighting
 - Level 2.0 Dodging
 + Level 15.3 Unarmed Combat
 + Level 7.2 Shapeshifting


You had 10 spell levels left.
You didn't know any spells.
Your spell library contained the following spells:

 Spells                   Type           Power      Damage    Failure   Level
 Apportation              Tloc           0%         N/A       36%         1
 Necrotise                Necr           0%         1d4       36%         1
 Sting                    Conj/Alch      0%         1d3       36%         1
 Summon Small Mammal      Summ           0%         N/A       36%         1
 Jinxbite                 Hex            0%         N/A       50%         2
 Static Discharge         Conj/Air       0%         3-3/arc   50%         2
 Confusing Touch          Hex            0%         N/A       75%         3
 Passwall                 Erth           0%         N/A       75%         3
 Sigil of Binding         Hex            0%         N/A       75%         3
 Volatile Blastmotes      Fire/Tloc      0%         2d10      75%         3
 Airstrike                Air            0%         2d(0-16)  98%         4
 Dimensional Bullseye     Hex/Tloc       0%         N/A       98%         4
 Fulminant Prism          Conj/Alch      0%         3d5       98%         4
 Iskenderun's Mystic Bla  Conj/Tloc      0%         2d3       98%         4
 Leda's Liquefaction      Alch/Erth      0%         N/A       98%         4
 Summon Lightning Spire   Summ/Air       0%         N/A       98%         4
 Borgnjor's Vile Clutch   Necr/Erth      0%         N/A       100%        5
 Lee's Rapid Deconstruct  Erth           0%         3d4*      100%        5


Dungeon Overview and Level Annotations

Branches:
Dungeon (11/15)            Temple (1/1) D:7             Orc (0/2) D:10
 Bailey (visited)
   Lair: D:8-11

Altars:
Ashenzari
Cheibriados
Dithmenos
Elyvilon
Fedhas
Gozag
Hepliaklqana
Kikubaaqudgha
Makhleb
Nemelex Xobeh
Okawaru
Qazlal
Ru
Sif Muna
Trog
Uskayaw
Vehumet
Wu Jian
Xom
Yredelemnul
Zin
The Shining One

Shops:
D:6 (   D:7 =   D:8 =

Annotations:
D:4 1 runed translucent door, Crazy Yiuf


Innate Abilities, Weirdness & Mutations

You are a hulking beast.
Your limbs bulge with bestial killing power. (Slay +4)
You can spit globs of acid.
Your golden yellow scales are hard. (AC +7)
You cannot fit into any form of body armour.
You are cold-blooded and may be slowed by cold attacks.
You are resistant to acid. (rCorr)


Message History

* * * LOW HITPOINT WARNING * * *
Your lungs strain for air!
Unknown command.
You barely miss the electric eel.
* * * LOW HITPOINT WARNING * * *
Your lungs strain for air!
The electric eel shoots out a bolt of lightning at you!
The bolt of electricity hits you.
* * * LOW HITPOINT WARNING * * *
The bolt of electricity hits you.
* * * LOW HITPOINT WARNING * * *
The bolt of electricity hits the electric eel.
The electric eel completely resists.
The water elemental hits you.
Unknown command.
You feel much better.
Your lungs strain for air!
The water elemental misses you.
Unknown command.
Your unstable footing causes you to fumble your attack.
* * * LOW HITPOINT WARNING * * *
Your lungs strain for air!
The electric eel shoots out a bolt of lightning at you!
The bolt of electricity misses you. The bolt of electricity hits you!
* * * LOW HITPOINT WARNING * * *
The bolt of electricity hits the electric eel.
The electric eel completely resists.
The water elemental misses you.
You feel much better.
* * * LOW HITPOINT WARNING * * *
Your lungs strain for air!
The electric eel shoots out a bolt of lightning at you!
The bolt of electricity hits you!
* * * LOW HITPOINT WARNING * * *
The bolt of electricity misses you.
The bolt of electricity hits the electric eel.
The electric eel completely resists.
The water elemental misses you.
* * * LOW HITPOINT WARNING * * *
Your lungs strain for air!
The water elemental hits you!
You die...
Your body crumbles into a pile of gold.

....~~~~~~~~~~
.!~~~~~~~~~~#
#~~~~~~~~~~#
#~~~~~~~~~~# .
#~<~~~~~~~.# ..
#~~~~~~~~(.#
...#~~~ES~~.#
#....~~~h~~.###
#....~~~~~~...#
#....#~<~~~##...
#... ##~~~## ~
#.. ##~## ## ###


You could see a water elemental and an electric eel.

Vanquished Creatures
  2 two-headed ogres
  4 kobold demonologists (D:10)
  A troll (D:10)
  2 hornets
  Grinder (D:4)
  Prince Ribbit (D:6)
  Sigmund (D:4)
  19 yaks
  A warg (D:10)
  A steam dragon (D:7)
  An acid dragon (D:10)
  7 orc warriors
  4 ice beasts
  5 black bears
  4 ogres
  A centaur (D:7)
  5 kobold brigands
  2 phantoms
  A gnoll sergeant (D:8)
  A weeping skull (D:8)
  4 bullfrogs
  A scorpion (D:5)
  4 wights (D:8)
  3 killer bees (D:8)
  3 howler monkeys
  2 bombardier beetles
  3 jellies
  5 orc priests
  4 hounds
  2 sleepcaps
  2 gnoll boudas
  An iguana (D:6)
  Natasha (twice) (D:3)
  10 orc wizards
  22 gnolls
  9 adders
  2 shadow imps
  3 white imps
  2 ufetubi (D:4)
  2 ribbon worms
  56 orcs
  6 ball pythons
  4 endoplasms
  3 giant cockroaches
  12 goblins
  6 hobgoblins
  12 jackals
  10 kobolds
  A quokka (D:2)
  11 bats
  6 frilled lizards
  2 rats
  A spectral orc (D:8)
280 creatures vanquished.

Notes
Turn   | Place    | Note
-------+----------+-------------------------------------------
     0 | D:1      | safid the Draconian Shapeshifter began the quest for the
                  | Orb.
     0 | D:1      | Reached XP level 1. HP: 16/16 MP: 1/1
   159 | D:1      | Reached XP level 2. HP: 23/23 MP: 2/2
   642 | D:2      | Reached XP level 3. HP: 27/28 MP: 3/3
   775 | D:2      | Identified the +9 short sword of Caje {drain, rElec rCorr}
  1126 | D:2      | Identified the +5 ring mail of the Desolation of Salt
                  | {Int+2 Stlth+}
  1208 | D:2      | Found a faded altar of an unknown god.
  1329 | D:3      | Reached skill level 4 in Unarmed Combat
  1329 | D:3      | Reached XP level 4. HP: 19/35 MP: 4/4
  1548 | D:3      | Reached XP level 5. HP: 33/41 MP: 5/5
  1725 | D:3      | Found an ornate altar of the Wu Jian Council.
  1739 | D:3      | Noticed Natasha
  1751 | D:3      | Killed Natasha
  1752 | D:3      | Reached skill level 5 in Unarmed Combat
  1849 | D:3      | Found an ancient bone altar of Kikubaaqudgha.
  2163 | D:3      | Noticed Natasha
  2181 | D:3      | Killed Natasha
  2345 | D:4      | Noticed Grinder
  2500 | D:4      | Paralysed by Grinder for 3 turns
  2504 | D:4      | Killed Grinder
  2505 | D:4      | Reached skill level 6 in Unarmed Combat
  2505 | D:4      | Reached XP level 6. HP: 26/48 MP: 6/6
  2612 | D:4      | Noticed Sigmund
  2624 | D:4      | Killed Sigmund
  2625 | D:4      | Reached skill level 7 in Unarmed Combat
  2625 | D:4      | Your scales start taking on a golden yellow colour.
  2625 | D:4      | Reached XP level 7. HP: 39/55 MP: 7/7
  2625 | D:4      | Gained mutation: You are resistant to acid. (rCorr) [Yellow
                  | Draconian growth]
  2738 | D:4      | Found a hazy altar of Hepliaklqana.
  3147 | D:4      | Found a radiant altar of Vehumet.
  3352 | D:4      | Found a runed translucent door.
  3353 | D:4      | Noticed Crazy Yiuf
  3394 | D:4      | Reached skill level 8 in Unarmed Combat
  3581 | D:5      | Entered Level 5 of the Dungeon
  3601 | D:5      | Reached XP level 8. HP: 54/62 MP: 8/8
  3734 | D:5      | Found a white marble altar of Elyvilon.
  3834 | D:5      | Reached skill level 9 in Unarmed Combat
  3838 | D:5      | Reached skill level 5 in Shapeshifting
  4460 | D:6      | Found Neqyth's Antique Weapon Shoppe.
  4571 | D:6      | Reached skill level 10 in Unarmed Combat
  4602 | D:6      | Noticed Prince Ribbit
  4606 | D:6      | Killed Prince Ribbit
  4607 | D:6      | Reached XP level 9. HP: 9/71 MP: 9/9
  4856 | D:6      | Found a blossoming altar of Fedhas.
  5146 | D:6      | Reached skill level 11 in Unarmed Combat
  5429 | D:7      | Found a staircase to the Ecumenical Temple.
  5445 | Temple   | Entered the Ecumenical Temple
  5463 | Temple   | Became a worshipper of Gozag Ym Sagoz the Greedy
  5521 | D:7      | Found a flagged portal.
  5540 | Bailey   | Entered a bailey
  6251 | D:7      | Found Tagef's Jewellery Shoppe.
  6432 | D:7      | Reached skill level 5 in Fighting
  6609 | D:7      | Reached skill level 12 in Unarmed Combat
  6663 | D:7      | Found a sacrificial altar of Ru.
  6928 | D:8      | Found Erasiffa's Jewellery Boutique.
  7060 | D:8      | Reached XP level 10. HP: 76/81 MP: 10/10
  7590 | D:8      | Got the Incunable of Topology and Spellbinding
  7610 | D:8      | Reached skill level 13 in Unarmed Combat
  7849 | D:8      | Noticed a two-headed ogre
  7853 | D:8      | Killed a two-headed ogre
  8057 | D:8      | Found a basalt altar of Yredelemnul.
  8178 | D:9      | Got Sif Muna's Folio of Clay
  8317 | D:9      | Found a sparkling altar of Nemelex Xobeh.
  8511 | D:9      | Reached skill level 14 in Unarmed Combat
  9033 | D:9      | Found an iron altar of Okawaru.
  9193 | D:10     | Entered Level 10 of the Dungeon
  9312 | D:10     | Reached XP level 11. HP: 34/92 MP: 11/11
  9797 | D:10     | Found a staircase to the Orcish Mines.
  9898 | D:10     | Noticed a two-headed ogre
  9902 | D:10     | Killed a two-headed ogre
  9903 | D:10     | Reached skill level 15 in Unarmed Combat
 10059 | D:10     | Identified the +7 glaive of Discretion {holy, rC+}
 10076 | D:10     | Noticed a sixfirhy
 10831 | D:11     | Mangled by a water elemental

Illustrated notes

Levels and vault maps discovered:
D:1:      saegor_arrival_under_anarchy, layout_basic, grunt_decor_junction
D:2:      layout_loops_ring, shapermc_ecumenical_altar_hornbeckon
D:3:      layout_basic, amcnicky_altar_gilded, mainiacjoe_overflow_alcove_2,
          uniq_natasha
D:4:      layout_loops_corners, mainiacjoe_overflow_catwalk,
          fiery_altar_vehumet, uniq_sigmund, uniq_crazy_yiuf_cottage,
          uniq_grinder
D:5:      layout_basic, mainiacjoe_overflow_small_starburst
D:6:      layout_loops_ring, mainiacjoe_overflow_tiny_flanked,
          nicolae_take_the_stairs, st_stairs_14, uniq_prince_ribbit1
D:7:      layout_basic, lemuel_round_altar,
          minmay_temple_entry_statues_fountains, serial_glass, glass_columns_b,
          glass_columns_a, serial_shops, kennysheep_mini, enter_bailey_5,
          nrook_mini_backslash
D:8:      layout_loops_ring, yredelemnul_forgotten_temple_becter, serial_shops,
          nicolae_shop_tiny_real_fake_doors
D:9:      layout_stronghold, general_overflow_altar, nemelex_spade_bored_becter,
          serial_park_tiny_2
D:10:     layout_irregular_city, erik_orc_3
D:11:     layout_basic, dpeg_lair_monsters, serial_shops, shop, shop,
          shop_statue, minmay_beelzebubs_servants
Temple:   hellmonk_temple_forest_ring

Skill      XL: |  1  2  3  4  5  6  7  8  9 10 11 |
---------------+----------------------------------+-----
Dodging        | 2 |  2.0
Unarmed Combat | 4 6 7 8 10 12 14 15 | 15.3
Fighting       | 2 3 5 7 |  7.8
Shapeshifting  | 4 5 6 7 |  7.2

Action                     |  1- 3 |  4- 6 |  7- 9 | 10-12 || total
---------------------------+-------+-------+-------+-------++-------
  Melee: Unarmed           |   106 |   140 |   341 |   235 ||   822
         Tailslap          |    12 |    13 |    41 |    36 ||   102
         Punch             |       |     1 |    21 |    21 ||    43
Ability: Breathe Acid      |       |       |     5 |     2 ||     7
    Use: Potion            |       |       |     1 |     4 ||     5
         Scroll            |       |       |     7 |       ||     7
   Stab: Sleeping          |       |       |     3 |       ||     3
         Distracted        |       |       |       |     1 ||     1
 Armour: Skin              |    66 |    60 |   142 |   111 ||   379
  Dodge: Dodged            |    88 |    81 |   278 |   126 ||   573
